 Dungeon Crawl Stone Soup version 0.26-a0-1049-g242049e08c (webtiles) character file.

Game seed: 15050687222736738746

389 ANON1729 the Caller (level 6, -2/44 HPs)
             Began as a Mummy Summoner on Dec 12, 2020.
             Slain by Pikel
             ... wielding a +2 whip of electrocution
              (11 damage)
             ... on level 3 of the Dungeon.
             The game lasted 00:13:38 (6501 turns).

ANON1729 the Caller (Mummy Summoner)                Turns: 6501, Time: 00:13:39

Health: -2/44      AC:  6    Str: 11    XL:     6   Next: 50%
Magic:  8/12       EV: 13    Int: 16    God:
Gold:   155        SH:  0    Dex: 13    Spells: 3/13 levels left

rFire    x . .     SeeInvis .   h - +2 dagger (vamp)
rCold    + . .     Faith    .   (no shield)
rNeg     + + +     Spirit   .   a - +0 robe
rPois    ∞         Reflect  .   (no helmet)
rElec    .         Harm     .   (no cloak)
rCorr    .         Rampage  .   (no gloves)
Will     .....                  (no boots)
Stlth    +.........             (no amulet)
HPRegen  0.14/turn              e - ring of attention (curse)
MPRegen  0.13/turn              l - +4 ring of protection

@: no status effects
A: no potions, fire vulnerability, cold resistance 1, negative energy resistance
3, torment resistance, unbreathing
a: no special abilities


You were on level 3 of the Dungeon.
You visited 1 branch of the dungeon, and saw 4 of its levels.

You collected 155 gold pieces.

Inventory:

Hand Weapons
 d - a +0 dagger
 h - a +2 vampiric dagger (weapon)
Missiles
 j - 5 atropa-tipped darts
 n - 15 poisoned darts (quivered)
Armour
 a - a +0 robe (worn)
Jewellery
 e - a cursed ring of attention (left hand)
 f - an uncursed ring of flight
 l - a +4 ring of protection (right hand)
Scrolls
 b - 3 scrolls of teleportation {unknown}
 c - 2 scrolls of amnesia {unknown}
 g - 2 scrolls of remove curse {unknown}
 i - 2 scrolls of identify {unknown}
 k - a scroll of magic mapping {unknown}
 m - a scroll of random uselessness {unknown}


   Skills:
 + Level 1.9 Fighting
 + Level 1.4 Short Blades
 + Level 2.6 Dodging
 + Level 2.8 Stealth
 + Level 4.1 Spellcasting
 * Level 4.5 Summonings


You had 3 spell levels left.
You knew the following spells:

 Your Spells              Type           Power        Failure   Level
a - Summon Small Mammal   Summ           ###.         2%          1
b - Call Imp              Summ           ###.....     4%          2
c - Call Canine Familiar  Summ           ###.....     8%          3
d - Summon Lightning Spi  Summ/Air       ##......     54%         4

Your spell library contained the following spells:

 Spells                   Type           Power        Failure   Level
 Summon Guardian Golem    Hex/Summ       ##......     21%         3
 Summon Ice Beast         Ice/Summ       ##......     54%         4


Dungeon Overview and Level Annotations

Branches:
Dungeon (4/15)
 Temple: D:4-7

Altars:
Ashenzari
Elyvilon
Okawaru
Xom

Annotations:
D:3 Pikel
D:4 1 transporter


Innate Abilities, Weirdness & Mutations

You do not drink.
Your flesh is vulnerable to fire.
You are immune to poison.
Your flesh is cold resistant. (rC+)
You are immune to negative energy. (rN+++)
You are immune to unholy pain and torment.
You can survive without breathing.


Message History

Pikel says, "You'll feel the lick of my whip!"
You see here a purple potion.
Casting: Call Canine Familiar (dangerous; 8% risk of failure)
Confirm with . or Enter, or press ? or * to list all spells.
Your hound bites Pikel. x2
Pikel cracks his whip.
Your hound barely misses Pikel.
The lemure hits your hound but does no damage.
There is a stone staircase leading down here.
Your hound bites Pikel but does no damage.
Your hound bites Pikel but does no damage.
Your hound barely misses Pikel.
Your hound closely misses Pikel.
Casting: Call Canine Familiar (dangerous; 8% risk of failure)
Confirm with . or Enter, or press ? or * to list all spells.
A beastly little devil appears in a puff of flame.
Pikel hits you with a +2 whip of electrocution.
* * * LOW HITPOINT WARNING * * *
You are electrocuted!
You die...

#.≈.≈##...## #.5....# #.#.#.#.#
##≈.≈.#....# #..##### #.#.#.#.#
####_###....# #..# #.#.#.#.#
#..### ####5# #..# #.#.#.#.#
#....# #.# #..#######.#.#.#.#
#....# #.# #..........#.#...#
#....# #.####.#########.#####
#....# #..# #.5.......#.####
#....# ##.###@#######.#....#
.....#######..##K# #.####.#
..............##h# #.####.#
#######........#5# #......#
...............#.##############
######..5......(........#
..............#.5.......#
.####....######.>.......#
.......(.# ##........#


You could see Pikel, 2 lemures, a friendly hound (summoned) and a friendly
crimson imp (summoned).

Vanquished Creatures
  A phantom (D:4)
  An orc priest (D:4)
  An orc wizard (D:4)
  An iguana (D:4)
  A worker ant (D:4)
  A gnoll (D:3)
  2 adders
  3 dart slugs
  6 leopard geckos
  A ball python (D:4)
  4 bats
  3 giant cockroaches
  3 goblins
  6 hobgoblins
  5 kobolds
  5 frilled lizards
  7 rats
51 creatures vanquished.

Vanquished Creatures (collateral kills)
  Sigmund (D:3)
  2 lemures
  2 orc priests (D:4)
  An iguana (D:4)
  3 gnolls
  2 worms (D:2)
  2 orcs
  A ball python (D:3)
  A goblin (D:2)
  A hobgoblin (D:3)
  A bat (D:1)
  A frilled lizard (D:1)
  A quokka skeleton (D:4)
19 creatures vanquished.

Grand Total: 70 creatures vanquished

Notes
Turn   | Place    | Note
-------+----------+-------------------------------------------
     0 | D:1      | ANON1729 the Mummy Summoner began the quest for the Orb.
     0 | D:1      | Reached XP level 1. HP: 13/13 MP: 4/4
   136 | D:1      | Reached XP level 2. HP: 7/19 MP: 5/5
  1028 | D:1      | Found a broken altar of Ashenzari.
  1554 | D:1      | Reached XP level 3. HP: 22/24 MP: 7/7
  3124 | D:2      | Learned a level 2 spell: Call Imp
  3128 | D:2      | Learned a level 3 spell: Call Canine Familiar
  3476 | D:2      | Found a white marble altar of Elyvilon.
  3477 | D:2      | Found a shimmering altar of Xom.
  3751 | D:3      | Reached XP level 4. HP: 31/31 MP: 9/9
  4132 | D:3      | Found an iron altar of Okawaru.
  4568 | D:4      | Noticed a phantom
  4593 | D:4      | Noticed Sigmund
  4894 | D:3      | Killed Sigmund
  4895 | D:3      | Reached skill level 1 in Fighting
  4895 | D:3      | Reached XP level 5. HP: 5/37 MP: 8/10
  5193 | D:4      | Killed a phantom
  5194 | D:4      | Reached skill level 1 in Short Blades
  5224 | D:4      | Found a transporter.
  5248 | D:4      | Learned a level 4 spell: Summon Lightning Spire
  5267 | D:4      | Reached XP level 6. HP: 28/43 MP: 5/11
  6021 | D:4      | Noticed Pikel
  6420 | D:3      | HP: 2/44 [Pikel/+2 whip of electrocution (20)]
  6501 | D:3      | Slain by Pikel

Illustrated notes

Levels and vault maps discovered:
D:1:      dpeg_arrival_shelter, layout_loops_corners,
          nicolae_ashenzari_panopticon
D:2:      layout_basic, nicolae_overflow_hidden_temple
D:3:      layout_basic, okawaru_altar_gauntlet_db, minmay_misc_feat_more_columns
D:4:      gammafunk_steamed_eel, layout_loops_ring, uniq_pikel, uniq_ijyb,
          uniq_sigmund, uniq_natasha, uniq_robin

Skill      XL: |  1  2  3  4  5  6 |
---------------+-------------------+-----
Spellcasting   | 3 4 |  4.1
Stealth        | 2 |  2.8
Dodging        | 2 |  2.6
Fighting       | 1 |  1.9
Summonings     | 4 |  4.5
Short Blades   | 1 |  1.4

Action                   |  1- 3 |  4- 6 || total
-------------------------+-------+-------++-------
Melee: Unarmed           |    93 |       ||    93
       Dagger            |   142 |   138 ||   280
Throw: Dart              |       |     9 ||     9
 Cast: Summon Small Mamm |    22 |     1 ||    23
       Call Canine Famil |     1 |    17 ||    18
       Call Imp          |       |    16 ||    16
 Stab: Sleeping          |     2 |       ||     2
       Distracted        |     1 |     1 ||     2
Armor: Robe              |    33 |    33 ||    66
Dodge: Dodged            |   161 |    96 ||   257

Table legend: (Time is in decaauts)
 A = Elapsed time spent in this place.
 B = Non-inter-level travel time spent in this place.
 C = Inter-level travel time spent in this place.
 D = Time resting spent in this place.
 E = Time spent auto-exploring this place.
 F = Levels seen in this place.
 G = Mean time per level.
                   A        B        C        D        E       F      G
               +--------+--------+--------+--------+--------+-----+--------+
         Total |   6496 |   6367 |    129 |   2139 |   3083 |   4 | 1624.0 |
       Dungeon |   6496 |   6367 |    129 |   2139 |   3083 |   4 | 1624.0 |
               +--------+--------+--------+--------+--------+-----+--------+

Top non-repeatable levels by time:
     D:1: 2373 daAuts
     D:3: 1732 daAuts
     D:2: 1340 daAuts
     D:4: 1050 daAuts
